[ AOE2 MATCH · #506599937 ]
UnrankedPersians vs Dravidians
Player's team · LOSS
[ REPLAY ANALYSIS · EXTRACTED FROM THE RECORDED GAME ]
Feudal
10:13
Castle
13:55
Imperial
—
| APM avg | 50.6 |
| APM peak | 78 |
| eAPM avg | 27.2 |
| Villagers / military | 56 / 31 |
Focus
⚔️ 36.0% · 🌾 64.0%
Knight ×21 · Fishing Ship ×11 · Monk ×3 · Spearman ×3 · Fire Galley ×3 · Transport Ship ×1
Feudal
11:40
Castle
21:23
Imperial
—
| APM avg | 58.3 |
| APM peak | 86 |
| eAPM avg | 26.9 |
| Villagers / military | 68 / 78 |
Focus
⚔️ 45.4% · 🌾 54.6%
Archer ×44 · Spearman ×28 · Fishing Ship ×18 · Militia ×2 · Fire Galley ×2 · Transport Ship ×2
Match map
Initial resources + every placement click. Lines = walls · curves = elevation contours. ◆ gold · ⬟ stone · ● berries · ✦ relic · ◌ wall gap
Your base· ✓ Map-separated
Zezlot's base· ✓ Map-separated
Smoothed initial terrain · ◌ = detected wall gap · hover for details
Inputs per minute
— ANKR.Tank20089 - - Zezlot
Build order — ANKR.Tank20089
149 actions detected in the replay
| 0:03 | Create | Villager (Male) |
| 0:04 | Build | House |
| 0:05 | Build | House |
| 0:17 | Create | Villager (Male) |
| 0:20 | Create | Villager (Male) ×3 |
| 1:48 | Create | Villager (Male) |
| 1:48 | Create | Villager (Male) |
| 1:57 | Build | Lumber Camp |
| 2:12 | Create | Villager (Male) |
| 2:12 | Create | Villager (Male) |
| 2:25 | Create | Villager (Male) |
| 2:25 | Create | Villager (Male) |
| 3:07 | Create | Villager (Male) |
| 3:21 | Build | Dock |
| 3:28 | Create | Villager (Male) |
| 3:28 | Create | Villager (Male) |
| 3:47 | Build | House |
| 3:55 | Create | Villager (Male) |
| 3:55 | Create | Villager (Male) |
| 3:55 | Create | Villager (Male) |
| 4:08 | Create | Villager (Male) |
| 4:08 | Create | Villager (Male) |
| 4:10 | Create | Fishing Ship |
| 4:33 | Create | Villager (Male) |
| 4:33 | Create | Villager (Male) |
| 4:53 | Create | Fishing Ship |
| 4:57 | Build | House |
| 5:09 | Create | Villager (Male) |
| 5:30 | Create | Villager (Male) |
| 5:31 | Create | Fishing Ship |
| 5:57 | Create | Villager (Male) |
| 5:59 | Create | Fishing Ship |
| 6:01 | Create | Villager (Male) |
| 6:15 | Build | House |
| 6:17 | Create | Villager (Male) |
| 6:46 | Create | Fishing Ship |
| 7:02 | Create | Villager (Male) |
| 7:24 | Create | Villager (Male) |
| 7:26 | Build | Dock |
| 7:29 | Create | Villager (Male) |
| 7:42 | Build | House |
| 7:57 | Create | Fishing Ship |
| 8:10 | Research | Feudal Age |
| 8:10 | Research | Feudal Age |
| 8:19 | Create | Fishing Ship |
| 8:50 | Create | Fishing Ship |
| 8:53 | Create | Fishing Ship |
| 8:53 | Create | Fishing Ship |
| 9:20 | Build | Mining Camp |
| 9:33 | Build | Mill |
| 9:56 | Create | Villager (Male) |
| 10:05 | Build | House |
| 10:08 | Research | Loom |
| 10:13 | Age | Feudal Age |
| 10:22 | Build | Blacksmith |
| 10:35 | Build | Market |
| 11:30 | Research | Castle Age |
| 11:30 | Research | Castle Age |
| 11:49 | Build | Barracks |
| 12:02 | Create | Transport Ship |
| 12:17 | Research | Double-Bit Axe |
| 12:17 | Research | Double-Bit Axe |
| 12:17 | Research | Double-Bit Axe |
| 12:17 | Research | Double-Bit Axe |
| 12:44 | Research | Gold Mining |
| 12:59 | Create | Fire Galley |
| 12:59 | Create | Fire Galley |
| 12:59 | Create | Fire Galley |
| 13:02 | Create | Spearman |
| 13:36 | Create | Villager (Male) |
| 13:55 | Build | Dock |
| 13:55 | Age | Castle Age |
| 14:06 | Build | Stable |
| 14:11 | Create | Villager (Male) |
| 14:14 | Create | Villager (Male) |
| 14:18 | Create | Spearman |
| 14:19 | Create | Spearman |
| 14:34 | Create | Villager (Male) |
| 14:38 | Build | Stable |
| 14:40 | Create | Villager (Male) |
| 14:46 | Research | Scale Barding Armor |
| 14:46 | Research | Scale Barding Armor |
| 14:46 | Research | Scale Barding Armor |
| 14:49 | Create | Villager (Male) |
| 15:00 | Build | House |
| 15:04 | Create | Villager (Male) |
| 15:09 | Create | Knight |
| 15:11 | Build | House |
| 15:16 | Create | Villager (Male) |
| 15:29 | Create | Knight |
| 15:37 | Build | Palisade Gate |
| 15:44 | Create | Knight |
| 15:44 | Create | Knight |
| 15:44 | Create | Knight |
| 15:51 | Create | Villager (Male) |
| 15:51 | Create | Villager (Male) |
| 15:52 | Create | Villager (Male) |
| 16:10 | Create | Villager (Male) |
| 16:23 | Create | Villager (Male) |
| 16:38 | Create | Villager (Male) |
| 16:56 | Create | Knight |
| 16:56 | Create | Knight |
| 16:57 | Create | Knight |
| 16:57 | Create | Knight |
| 17:02 | Create | Villager (Male) |
| 17:24 | Build | Mining Camp |
| 17:30 | Create | Knight |
| 17:42 | Create | Knight |
| 17:43 | Create | Knight |
| 17:55 | Build | House |
| 18:10 | Build | Lumber Camp |
| 18:34 | Create | Knight |
| 18:35 | Create | Knight |
| 19:12 | Create | Knight |
| 19:13 | Create | Knight |
| 19:13 | Create | Knight |
| 19:34 | Create | Knight |
| 19:34 | Create | Knight |
| 19:52 | Build | Monastery |
| 19:58 | Build | Monastery |
| 20:02 | Create | Villager (Male) |
| 20:26 | Build | Dock |
| 20:36 | Create | Monk |
| 20:36 | Create | Monk |
| 20:49 | Build | Farm |
| 21:21 | Create | Villager (Male) |
| 21:23 | Create | Villager (Male) |
| 21:36 | Create | Villager (Male) |
| 21:50 | Build | Farm |
| 21:57 | Create | Villager (Male) |
| 22:06 | Create | Villager (Male) |
| 22:08 | Build | Fish Trap |
| 22:11 | Build | Fish Trap |
| 22:12 | Create | Knight |
| 22:16 | Build | Farm |
| 22:33 | Create | Villager (Male) |
| 22:35 | Build | Farm |
| 22:55 | Create | Villager (Male) |
| 23:00 | Build | Fish Trap |
| 23:01 | Create | Fishing Ship |
| 23:10 | Create | Villager (Male) |
| 23:11 | Build | Farm |
| 23:15 | Research | Horse Collar |
| 23:15 | Research | Horse Collar |
| 23:16 | Research | Horse Collar |
| 23:20 | Create | Knight |
| 23:24 | Create | Villager (Male) |
| 23:33 | Create | Villager (Male) |
| 23:45 | Create | Monk |
Build order — Zezlot
First 150 of 217 actions detected
| 0:00 | Create | Villager (Male) |
| 0:02 | Build | House |
| 0:04 | Build | House |
| 0:14 | Create | Villager (Male) |
| 0:19 | Create | Villager (Male) |
| 0:20 | Create | Villager (Male) |
| 1:35 | Build | Lumber Camp |
| 1:36 | Create | Villager (Male) |
| 2:02 | Create | Villager (Male) |
| 2:30 | Create | Villager (Male) |
| 2:54 | Create | Villager (Male) |
| 3:17 | Create | Villager (Male) |
| 3:41 | Build | House |
| 3:59 | Create | Villager (Male) |
| 3:59 | Create | Villager (Male) |
| 4:20 | Create | Villager (Male) |
| 4:26 | Build | Dock |
| 4:37 | Create | Villager (Male) |
| 5:04 | Create | Fishing Ship |
| 5:04 | Create | Fishing Ship |
| 5:09 | Create | Villager (Male) |
| 5:24 | Create | Fishing Ship |
| 5:24 | Create | Fishing Ship |
| 5:34 | Create | Villager (Male) |
| 5:42 | Create | Fishing Ship |
| 5:43 | Create | Fishing Ship |
| 5:58 | Create | Villager (Male) |
| 6:06 | Create | Villager (Male) |
| 6:10 | Create | Fishing Ship |
| 6:28 | Create | Fishing Ship |
| 6:29 | Create | Fishing Ship |
| 6:43 | Build | Dock |
| 6:49 | Create | Villager (Male) |
| 6:55 | Create | Fishing Ship |
| 6:55 | Create | Fishing Ship |
| 7:08 | Build | House |
| 7:25 | Create | Villager (Male) |
| 7:26 | Create | Villager (Male) |
| 7:26 | Create | Villager (Male) |
| 7:28 | Create | Villager (Male) |
| 7:38 | Create | Villager (Male) |
| 7:39 | Create | Fishing Ship |
| 7:39 | Create | Fishing Ship |
| 7:48 | Create | Villager (Male) |
| 7:49 | Create | Villager (Male) |
| 7:49 | Create | Villager (Male) |
| 8:05 | Create | Fishing Ship |
| 8:18 | Create | Fishing Ship |
| 8:19 | Create | Fishing Ship |
| 8:19 | Create | Fishing Ship |
| 8:20 | Create | Villager (Male) |
| 8:50 | Build | Lumber Camp |
| 8:51 | Create | Villager (Male) |
| 9:18 | Research | Feudal Age |
| 9:21 | Research | Loom |
| 9:24 | Build | Mining Camp |
| 9:32 | Create | Villager (Male) |
| 9:57 | Create | Fishing Ship |
| 9:59 | Build | House |
| 10:21 | Build | Dock |
| 10:30 | Build | Barracks |
| 10:37 | Create | Villager (Male) |
| 10:51 | Create | Transport Ship |
| 10:51 | Create | Transport Ship |
| 11:23 | Build | Mining Camp |
| 11:36 | Create | Militia |
| 11:36 | Create | Militia |
| 11:39 | Create | Villager (Male) |
| 11:39 | Create | Villager (Male) |
| 11:40 | Age | Feudal Age |
| 11:42 | Research | Double-Bit Axe |
| 12:01 | Create | Villager (Male) |
| 12:10 | Build | Archery Range |
| 12:13 | Create | Villager (Male) |
| 12:25 | Create | Villager (Male) |
| 12:25 | Create | Villager (Male) |
| 12:26 | Create | Villager (Male) |
| 12:26 | Create | Villager (Male) |
| 12:32 | Build | Blacksmith |
| 12:50 | Build | House |
| 12:51 | Create | Archer |
| 12:52 | Create | Archer |
| 12:52 | Create | Archer |
| 13:08 | Build | Watch Tower |
| 13:12 | Create | Archer |
| 13:12 | Create | Villager (Male) |
| 13:13 | Create | Archer |
| 13:15 | Create | Villager (Male) |
| 13:20 | Create | Villager (Male) |
| 13:21 | Create | Villager (Male) |
| 13:27 | Build | Mill |
| 13:33 | Create | Archer |
| 13:37 | Create | Villager (Male) |
| 13:38 | Create | Villager (Male) |
| 13:39 | Create | Archer |
| 13:39 | Create | Archer |
| 13:53 | Create | Archer |
| 13:54 | Create | Archer |
| 14:07 | Build | Watch Tower |
| 14:21 | Create | Archer |
| 14:23 | Create | Villager (Male) |
| 14:26 | Research | Fletching |
| 14:26 | Create | Villager (Male) |
| 14:33 | Build | House |
| 14:50 | Create | Archer |
| 14:53 | Create | Villager (Male) |
| 14:54 | Create | Villager (Male) |
| 14:56 | Build | Mill |
| 14:58 | Create | Villager (Male) |
| 15:05 | Create | Archer |
| 15:15 | Create | Archer |
| 15:23 | Create | Spearman |
| 15:23 | Create | Spearman |
| 15:24 | Create | Villager (Male) |
| 15:25 | Create | Archer |
| 15:34 | Create | Archer |
| 15:53 | Create | Archer |
| 15:54 | Create | Villager (Male) |
| 15:54 | Create | Villager (Male) |
| 15:55 | Build | House |
| 15:56 | Build | House |
| 16:08 | Create | Spearman |
| 16:17 | Create | Archer |
| 16:18 | Create | Spearman |
| 16:18 | Create | Spearman |
| 16:48 | Create | Archer |
| 16:48 | Create | Archer |
| 16:48 | Create | Villager (Male) |
| 17:05 | Build | Watch Tower |
| 17:05 | Create | Archer |
| 17:17 | Create | Archer |
| 17:18 | Create | Villager (Male) |
| 17:22 | Create | Spearman |
| 17:22 | Create | Villager (Male) |
| 17:48 | Create | Archer |
| 17:48 | Create | Archer |
| 18:03 | Build | Farm |
| 18:03 | Build | Farm |
| 18:03 | Build | Farm |
| 18:03 | Build | Farm |
| 18:03 | Build | Farm |
| 18:04 | Build | Farm |
| 18:04 | Build | Farm |
| 18:15 | Create | Archer |
| 18:29 | Build | Watch Tower |
| 18:31 | Create | Archer |
| 18:43 | Research | Castle Age |
| 18:43 | Research | Castle Age |
| 19:22 | Create | Archer |
| 19:22 | Create | Archer |
Match timeline
| 3:21 | ANKR.Tank20089 · first_building Dock |
| 4:26 | Zezlot · first_building Dock |
| 10:13 | ANKR.Tank20089 · age_up feudal |
| 10:30 | Zezlot · first_building Barracks |
| 11:40 | Zezlot · age_up feudal |
| 11:49 | ANKR.Tank20089 · first_building Barracks |
| 12:10 | Zezlot · first_building Archery Range |
| 13:55 | ANKR.Tank20089 · age_up castle |
| 14:06 | ANKR.Tank20089 · first_building Stable |
| 14:35 | ANKR.Tank20089 · first_market_buy 100 wood |
| 15:28 | ANKR.Tank20089 · first_market_sell 100 stone |
| 19:52 | ANKR.Tank20089 · first_building Monastery |
| 21:23 | Zezlot · age_up castle |
| 23:58 | ANKR.Tank20089 · resign |
[ AI ANALYSIS · 1 CREDIT ]
What really happened in this match?
Wolo.gg analyzes every decision: build order, eco, micro, common mistakes by bracket. Personalized analysis on WhatsApp or Discord in 30 seconds.
Civ guide
Persians
Perfil
ANKR.Tank20089